 Dungeon Crawl Stone Soup version 0.20.0-10-g0535bb4 (webtiles) character file.

121 skittles the Firebug (level 4, 0/35 HPs)
             Began as a Draconian Fire Elementalist on June 6, 2017.
             Slain by Grinder (5 damage)
             ... while paralysed by Grinder
             ... on level 3 of the Dungeon.
             The game lasted 00:06:15 (3072 turns).

skittles the Firebug (Draconian Fire Elementalist)  Turns: 3072, Time: 00:06:16

Health: 0/35       AC:  7    Str: 11    XL:     4   Next: 76%
Magic:  4/8        EV:  2    Int: 16    God:
Gold:   179        SH:  0    Dex: 11    Spells: 0/8 levels left

rFire    . . .     SeeInvis .   v - +3 dagger
rCold    . . .     Gourm    .   (no shield)
rNeg     . . .     Faith    .   (armour unavailable)
rPois    .         Spirit   .   (helmet restricted)
rElec    .         Reflect  .   l - +0 cloak (curse)
rCorr    .         Harm     .   (no gloves)
MR       .....                  g - +0 pair of boots
Stlth    ++........             (no amulet)
Regen    0.2/turn               (no ring)
MPRegen  0.2/turn               (no ring)

@: paralysed, very slightly contaminated
A: unfitting armour, cold-blooded, AC +5
a: no special abilities


You were on level 3 of the Dungeon.
You were hungry.

You visited 1 branch of the dungeon, and saw 3 of its levels.

You collected 179 gold pieces.

Inventory:

Hand Weapons
 v - a +3 dagger (weapon)
Armour
 g - a +0 pair of boots (worn)
 l - a cursed +0 cloak (worn)
Scrolls
 e - 2 scrolls of identify {unknown}
 h - 2 scrolls of enchant weapon {unknown}
 i - 2 scrolls of remove curse {unknown}
 k - a scroll of immolation {unknown}
 o - a scroll of random uselessness {unknown}
 p - a scroll of teleportation {unknown}
 s - a scroll of enchant armour {unknown}
 t - 2 scrolls of recharging {unknown}
 w - a scroll of fog {unknown}
Potions
 c - 2 potions of heal wounds
 d - a potion of invisibility {unknown}
 f - a potion of resistance {unknown}
 j - 3 potions of curing {unknown}
 n - a potion of haste {unknown}
Books
 a - a book of Flames

   Spells                             Type                      Level
   a - Flame Tongue                   Conjuration/Fire             1
   b - Throw Flame                    Conjuration/Fire             2
   c - Conjure Flame                  Conjuration/Fire             3
   d - Inner Flame                    Hexes/Fire                   3
   e - Sticky Flame                   Conjuration/Fire             4
   f - Fireball                       Conjuration/Fire             5
Comestibles
 b - 3 bread rations
 m - 6 fruits
 q - a meat ration
 r - a royal jelly


   Skills:
 + Level 1.5 Fighting
 + Level 2.6 Dodging
 - Level 1.7 Stealth
 + Level 2.6 Spellcasting
 + Level 2.2 Conjurations
 + Level 3.6 Fire Magic


You couldn't memorise any spells.
You knew the following spells:

 Your Spells              Type           Power        Failure   Level  Hunger
a - Flame Tongue          Conj/Fire      ##...        6%          1    #......
b - Conjure Flame         Conj/Fire      ##......     17%         3    ###....
c - Sticky Flame          Conj/Fire      ##......     50%         4    #####..


Dungeon Overview and Level Annotations

Branches:
Dungeon (3/15)

Altars:
Trog

Annotations:
D:3 Grinder


Innate Abilities, Weirdness & Mutations

Your plain brown scales are hard. (AC +5)
You cannot fit into any form of body armour.
You are cold-blooded and may be slowed by cold attacks.


Message History

Grinder hits you.
You writhe in agony.
Casting: Sticky Flame
Confirm with . or Enter, or press ? or * to list all spells.
You don't have enough magic to cast that spell.
You hit Grinder but do no damage.
Your tail-slap misses Grinder.
Grinder is lightly wounded.
Grinder closely misses you.
You hit Grinder but do no damage.
Grinder is lightly wounded.
Grinder closely misses you.
You hit Grinder but do no damage.
Grinder is lightly wounded.
Grinder says, "There's only one good use for a tongue: cutting it out."
Grinder gestures at you.
You suddenly lose the ability to move!
Grinder hits you but does no damage. Grinder hits you!
* * * LOW HITPOINT WARNING * * *
You writhe in agony.
You die...

#.. ###... #.# #.....#
###### #.# #.....#
#.........# #.#
###.....#####.........# #.#
.....................# #.#
#...................##.#[#
#...................##.#..
###........@5.........##.#..
#....?†...............##.#.8
#.####†#######........##....
#.# ######.........
#.###########..........
#...........§..........
#############..........
#####...... #......


You could see Grinder.

Vanquished Creatures
  3 adders
  A shadow imp (D:1)
  A worm (D:2)
  6 dart slugs
  A leopard gecko (D:1)
  An orc (D:3)
  7 giant cockroaches
  11 goblins
  8 hobgoblins
  2 jackals (D:3)
  A ball python (D:1)
  6 bats
  3 frilled lizards
  4 kobolds
  14 rats
69 creatures vanquished.

Notes
Turn   | Place    | Note
-------+----------+-------------------------------------------
     0 | D:1      | skittles the Draconian Fire Elementalist began the quest for the Orb.
     0 | D:1      | Reached XP level 1. HP: 14/14 MP: 3/3
   260 | D:1      | Reached XP level 2. HP: 6/20 MP: 0/5
   328 | D:1      | You fall through a shaft!
   329 | D:2      | Found a bloodstained altar of Trog.
  1110 | D:1      | Reached XP level 3. HP: 22/27 MP: 3/6
  1266 | D:1      | Learned a level 3 spell: Conjure Flame
  1629 | D:1      | Reached skill level 1 in Fighting
  2027 | D:2      | Reached XP level 4. HP: 35/35 MP: 7/7
  2048 | D:2      | Learned a level 4 spell: Sticky Flame
  2670 | D:3      | Found a faded altar of an unknown god.
  3015 | D:3      | Noticed Grinder
  3052 | D:3      | Paralysed by Grinder for 3 turns
  3060 | D:3      | Paralysed by Grinder for 7 turns
  3070 | D:3      | Paralysed by Grinder for 7 turns
  3072 | D:3      | Slain by Grinder

Skill      XL: |  1  2  3  4 |
---------------+-------------+-----
Dodging        | 2 |  2.6
Fighting       | 1 |  1.5
Conjurations   | 2 |  2.2
Stealth        | |  1.7
Spellcasting   | |  2.6
Fire Magic     | |  3.6

Action                   |  1- 3 |  4- 6 || total
-------------------------+-------+-------++-------
Melee: Club              |    52 |       ||    52
       Unarmed           |    10 |       ||    10
       Tailslap          |    10 |     7 ||    17
       Hand axe          |    50 |    50 ||   100
       Dagger            |       |    27 ||    27
 Cast: Flame Tongue      |    30 |    20 ||    50
  Use: Potion            |       |     1 ||     1
 Stab: Distracted        |     1 |       ||     1
       Sleeping          |       |     3 ||     3
  Eat: Chunk             |     4 |     3 ||     7
Armor: Skin              |    55 |    29 ||    84
Dodge: Dodged            |    92 |    53 ||   145
